 Dungeon Crawl Stone Soup version 0.28.0-43-g3370ac3207 (webtiles) character file.

Game seed: 495078015511699650

40791 pkoi the Brawler (level 13, -27/105 HPs)
             Began as a Red Draconian Monk on Mar 19, 2022.
             Was the Champion of Hepliaklqana.
             Annihilated by a very large slime creature (38 damage)
             ... on level 11 of the Dungeon.
             The game lasted 00:42:09 (28209 turns).

pkoi the Brawler (Red Draconian Monk)              Turns: 28209, Time: 00:42:10

Health: -27/105    AC: 11    Str: 15    XL:     13   Next: 76%
Magic:  16/22      EV: 17    Int: 14    God:    Hepliaklqana [******]
Gold:   2305       SH:  0    Dex: 14    Spells: 13/24 levels left

rFire   + . .      SeeInvis .     - Unarmed
rCold   + . .      Faith    .   (no shield)
rNeg    . . .      Spirit   .   (armour unavailable)
rPois   .          Reflect  .   (helmet restricted)
rElec   .          Harm     .   K - scarf {repulsion}
rCorr   .          Rampage  .   t - +0 pair of gloves
Will    .....                   k - +1 pair of boots
Stlth   +++.......              P - amulet of the acrobat
HPRegen 0.27/turn               C - +4 ring of evasion
MPRegen 0.18/turn               r - ring of protection from cold

@: about to teleport, short of breath, repel missiles
A: reduced essence, breathe fire, AC +8, unfitting armour, fire resistance 1,
cold-blooded
a: Breathe Fire, Renounce Religion, Recall Ancestor, Ancestor Identity,
Transference, Idealise


You were on level 11 of the Dungeon.
You worshipped Hepliaklqana.
Hepliaklqana was exalted by your worship.
You visited 3 branches of the dungeon, and saw 19 of its levels.
You also visited: Bailey.

You collected 2445 gold pieces.
You spent 140 gold pieces at shops.

Inventory:

Hand Weapons
 a - a +0 spectral dagger
 l - a +3 dagger of venom
 n - a +4 rapier of protection
 w - a +4 short sword of electrocution
 L - the +10 spear of the Hills {vorpal, Str+6}
   (You found it on level 3 of the Lair of Beasts)

   It inflicts extra damage upon your enemies.
   Str:       It affects your strength (+6).
 O - the +7 mace of Mocufips {vorpal, *Rage rF++ SInv}
   (You found it on level 6 of the Lair of Beasts)

   It inflicts extra damage upon your enemies.
   rF:        It greatly protects you from fire.
   SInv:      It lets you see invisible.
   *Rage:     It berserks you when you make melee attacks (+20% chance).
Missiles
 y - 4 throwing nets
 A - 21 boomerangs
 B - 4 datura-tipped darts
Armour
 k - a +1 pair of boots (worn)
 t - a +0 pair of gloves (worn)
 K - a scarf of repulsion (worn)
 N - the +0 buckler of the World {rElec rPois rCorr Str+7}
   (You found it on level 1 of the Lair of Beasts)

   Str:       It affects your strength (+7).
   rElec:     It insulates you from electricity.
   rPois:     It protects you from poison.
   rCorr:     It protects you from acid and corrosion.
Jewellery
 q - a ring of magical power
 r - a ring of protection from cold (right hand)
 x - an amulet of guardian spirit
 C - a +4 ring of evasion (left hand)
 D - a ring of wizardry
 E - a +6 ring of intelligence
 J - an amulet of regeneration
 M - a ring of flight
 P - an amulet of the acrobat (around neck)
Wands
 m - a wand of iceblast (18)
 u - a wand of charming (9)
 I - a wand of flame (6)
 R - a wand of polymorph (8)
Scrolls
 b - 2 scrolls of teleportation
 h - a scroll of silence
 p - a scroll of magic mapping
 v - 3 scrolls of enchant weapon
 F - 3 scrolls of fog
 G - 2 scrolls of fear
Potions
 c - 4 potions of mutation
 d - 5 potions of heal wounds
 e - 3 potions of brilliance
 f - 3 potions of might
 g - 2 potions of haste
 i - 2 potions of berserk rage
 j - a potion of ambrosia
 o - 6 potions of lignification
 s - 3 potions of attraction
 z - 3 potions of flight
 H - 3 potions of curing
 Q - a potion of invisibility


   Skills:
 + Level 11.6 Fighting
 - Level 4.0 Dodging
 - Level 4.0 Stealth
 + Level 4.1 Shields
 * Level 15.3 Unarmed Combat
 - Level 6.3 Spellcasting
 - Level 3.0 Conjurations
 - Level 6.0 Hexes
 - Level 5.0 Summonings
 - Level 7.2 Air Magic
 - Level 6.0 Invocations


You had 13 spell levels left.
You knew the following spells:

 Your Spells              Type           Power      Damage    Failure   Level
a - Dazzling Flash        Conj/Hex       34%        N/A       7%          3
b - Silence               Hex/Air        11%        N/A       28%         5
c - Summon Guardian Gole  Hex/Summ       20%        N/A       4%          3

Your spell library contained the following spells:

 Spells                   Type           Power      Damage    Failure   Level
 Summon Small Mammal      Summ           72%        N/A       1%          1
 Call Canine Familiar     Summ           18%        N/A       6%          3
 Fulminant Prism          Conj/Hex       8%         3d7       24%         4
 Iskenderun's Mystic Bla  Conj/Tloc      8%         2d4       63%         4
 Iskenderun's Battlesphe  Conj           12%        2d7       77%         5
 Animate Dead             Necr           2%         N/A       83%         4
 Fireball                 Conj/Fire      4%         3d4       93%         5
 Conjure Ball Lightning   Conj/Air       9%         3x3d6     96%         6
 Agony                    Necr           4%         N/A       99%         5
 Lee's Rapid Deconstruct  Erth           2%         3d5*      99%         5
 Haunt                    Necr/Summ      5%         N/A       100%        7
 Orb of Destruction       Conj           6%         9d6       100%        7
 Infestation              Necr           2%         N/A       100%        8


Dungeon Overview and Level Annotations

Branches:
Dungeon (12/15)            Temple (1/1) D:5            Lair (6/6) D:11
  Swamp (0/4) Lair:2       Spider (0/4) Lair:4        Slime (0/5) Lair:5
    Orc (0/2) D:10         Bailey (visited)

Altars:
Ashenzari
Cheibriados
Dithmenos
Elyvilon
Fedhas
Gozag
Hepliaklqana
Kikubaaqudgha
Makhleb
Nemelex Xobeh
Okawaru
Qazlal
Ru
Sif Muna
Trog
Uskayaw
Vehumet
Wu Jian
Xom
Yredelemnul
Zin
The Shining One
Beogh

Shops:
D:1 (   D:7 !

Annotations:
D:10 3 runed translucent doors, Minsecho's ghost, journeyman OpBr
Lair:3 1 runed translucent door, bnorton916's ghost, journeyman BaIE
Lair:6 Rupert


Innate Abilities, Weirdness & Mutations

Your life essence is reduced to manifest your ancestor. (-10% HP)
You can breathe blasts of fire.
Your fiery red scales are hard. (AC +8)
You cannot fit into any form of body armour.
Your flesh is heat resistant. (rF+)
You are cold-blooded and may be slowed by cold attacks.


Message History

Your guardian golem is engulfed in blazing flames.
Flame seeps out of your guardian golem.
The slime creature hits your guardian golem.
Flame seeps out of your guardian golem.
Your guardian golem is engulfed in blazing flames.
Your guardian golem disappears in a puff of smoke!
Your guardian golem explodes!
The fiery explosion engulfs the slime creature!!
Casting: Summon Guardian Golem (mildly dangerous; 4% risk of failure)
Press: ? - help, Q - select action, (/) - cycle Dir - look around, f - activate A guardian golem appears, shielding your allies.
The slime creature is engulfed in blazing flames.
Unknown command.
The large slime creature is engulfed in blazing flames.
Two slime creatures merge to form a very large slime creature.
Aiming: Breathe Fire (2% risk of failure)
Press: ? - help, Shift-Dir - straight line, f - very large slime creature
Aim: a very large slime creature (heavily wounded, ally target, 94% to hit)
Okay, then.
Aiming: Breathe Fire (2% risk of failure)
Press: ? - help, Shift-Dir - straight line You breathe a blast of fire.
Unknown command.
You punch the very large slime creature!
The very large slime creature is heavily wounded.
The very large slime creature is engulfed in blazing flames.
The very large slime creature hits you!!!
* * * LOW HITPOINT WARNING * * *
The slime creature is engulfed in blazing flames.
You punch the very large slime creature!
The very large slime creature is severely wounded.
The very large slime creature is engulfed in blazing flames.
The very large slime creature hits you!!
* * * LOW HITPOINT WARNING * * *
Unknown command.
As you read the scroll of teleportation, it crumbles to dust.
You feel strangely unstable.
The very large slime creature is engulfed in blazing flames.
The very large slime creature hits you!!!
You die...

############# ####§§## #
##.....## #..J...# ## ........##
#....§§#####. .........#
#####............
.........########..>.......#.....
.............§J§..###........####
.........########## #......###
^...........§.9######......##
.........#####JJ@^..........#
........## ########.........##
##.....## #........#........####
######## #.############........
#.# ####.###. #)# #.#### #.#
#..... #.####### ###.##
#>......##### ##'##


You could see a very large slime creature (ally target), a slime creature and a
friendly guardian golem (summoned).

Vanquished Creatures
  Fannar (D:10)
  3 hydras
  A boulder beetle (D:10)
  A catoblepas (Lair:4)
  3 two-headed ogres
  Erica (D:9)
  A deep elf pyromancer (D:12)
  3 elephants
  A black mamba (Lair:4)
  2 centaur zombies
  5 komodo dragons
  3 cane toads
  3 kobold demonologists
  A troll (D:9)
  The ghost of experimilk the Chopper, an amateur PaAK of Lugonu (D:5)
  4 polar bears (Lair:3)
  2 blink frogs
  4 slime creatures (D:11)
  A jumping spider (Lair:4)
  A vampire (D:10)
  20 yaks
  Eustachio (D:6)
  A wyvern (Lair:4)
  3 acid dragons
  7 water moccasins
  A hornet zombie (D:3)
  6 orc warriors
  A sky beast (D:4)
  2 black bears
  2 ice beasts
  An ogre (D:5)
  A centaur (D:10)
  7 wolves
  A phantom (D:6)
  2 kobold brigands
  7 bullfrogs
  2 scorpions
  A wyvern zombie (D:8)
  A wyvern skeleton (D:7)
  2 jellies
  2 killer bees (D:9)
  3 wights (D:10)
  A howler monkey (D:9)
  A bullfrog zombie (D:4)
  3 orc priests
  2 hounds
  Ijyb (D:5)
  3 hell rats (Lair:5)
  An iguana (D:7)
  4 orc wizards
  Terence (D:2)
  A hound skeleton (D:5)
  5 adders
  A white imp (D:6)
  3 worms
  A dart slug (D:1)
  26 orcs
  3 endoplasms
  6 giant cockroaches
  7 hobgoblins
  2 jackals (D:1)
  A quokka (D:1)
  4 ball pythons
  8 bats
  4 frilled lizards
  3 goblins
  25 kobolds
  2 rats (D:3)
235 creatures vanquished.

Vanquished Creatures (collateral kills)
  Nessos (Lair:5)
  Harold (D:9)
  A catoblepas (Lair:6)
  A two-headed ogre (D:8)
  An ugly thing (D:12)
  A cyclops (D:11)
  4 elephants
  A centaur zombie (D:11)
  3 black mambas
  4 cane toads
  A gargoyle (D:11)
  Psyche (D:8)
  2 komodo dragons
  2 polar bears
  5 blink frogs
  4 slime creatures
  A shadow (D:11)
  A wyvern (Lair:4)
  A spriggan (Lair:1)
  12 yaks
  A vampire (D:11)
  2 basilisks
  2 redbacks (Lair:4)
  6 water moccasins
  3 orc warriors
  8 wolves
  8 bullfrogs
  A wyvern zombie (D:7)
  6 kobold brigands
  A scorpion (D:7)
  2 killer bees (D:9)
  A wight (D:10)
  A howler monkey (D:9)
  2 orc priests
  A gnoll shaman (D:8)
  A hound (D:6)
  3 orc wizards
  A hell rat (Lair:5)
  A howler monkey zombie (D:6)
  4 gnolls (D:8)
  2 adders
  A white imp (D:7)
  3 ufetubi
  A worm (D:5)
  16 orcs
  13 kobolds
139 creatures vanquished.

Vanquished Creatures (others)
  A manticore (Lair:6)
  An elephant (Lair:4)
  A black mamba (Lair:6)
  A rime drake (Lair:6)
  A polar bear (Lair:6)
  A slime creature (D:11)
  5 yaks (Lair:5)
  3 wolves (Lair:6)
  10 battlemagi
  An orc (D:9)
  29 fungi
  66 plants
120 creatures vanquished.

Grand Total: 494 creatures vanquished

Notes
Turn   | Place    | Note
-------+----------+-------------------------------------------
     0 | D:1      | pkoi the Draconian Monk began the quest for the Orb.
     0 | D:1      | Reached XP level 1. HP: 19/19 MP: 1/1
   297 | D:1      | Reached XP level 2. HP: 18/26 MP: 2/2
   419 | D:1      | Found a faded altar of an unknown god.
   900 | D:1      | Found Gagaimp's Weapon Shop.
  1318 | D:2      | Reached XP level 3. HP: 32/33 MP: 3/3
  1410 | D:2      | Reached skill level 4 in Unarmed Combat
  1713 | D:2      | Noticed Terence
  1904 | D:3      | Reached skill level 5 in Unarmed Combat
  1904 | D:3      | Reached XP level 4. HP: 13/41 MP: 4/4
  1904 | D:3      | Reached XP level 5. HP: 15/47 MP: 5/5
  3501 | D:4      | Reached skill level 5 in Fighting
  3962 | D:4      | Reached XP level 6. HP: 48/56 MP: 6/6
  4161 | D:5      | Entered Level 5 of the Dungeon
  4161 | D:5      | Noticed a sky beast
  4182 | D:4      | Killed a sky beast
  4183 | D:4      | Reached skill level 6 in Unarmed Combat
  4289 | D:5      | Found a runed translucent gate.
  4289 | D:5      | Found a runed translucent gate.
  4289 | D:5      | Found a runed translucent gate.
  4298 | D:5      | Noticed experimilk's ghost (amateur PaAK)
  4302 | D:5      | Noticed an orc warrior
  4615 | D:5      | Found a staircase to the Ecumenical Temple.
  4624 | D:5      | Reached skill level 7 in Unarmed Combat
  4631 | Temple   | Entered the Ecumenical Temple
  4962 | Temple   | Became a worshipper of Hepliaklqana the Forgotten
  4962 | Temple   | Reached * piety under Hepliaklqana
  4962 | Temple   | Reached ** piety under Hepliaklqana
  4963 | Temple   | Remembered your ancestor Petra as a battlemage
  5080 | D:5      | Your scales start taking on a fiery red colour.
  5080 | D:5      | Reached XP level 7. HP: 54/54 MP: 7/7
  5080 | D:5      | Gained mutation: Your flesh is heat resistant. (rF+) [Red
                  | Draconian growth]
  5114 | D:5      | Found an opulent altar of Gozag.
  5155 | D:5      | Found a blossoming altar of Fedhas.
  5544 | D:5      | Found a hide-covered altar of Uskayaw.
  5547 | D:5      | Found a glowing silver altar of Zin.
  5566 | D:5      | Noticed Ijyb
  5572 | D:5      | Killed Ijyb
  5573 | D:5      | Reached skill level 8 in Unarmed Combat
  5587 | D:5      | Learned a level 3 spell: Dazzling Flash
  5829 | D:6      | Noticed Eustachio
  5836 | D:6      | Killed Eustachio
  5930 | D:6      | Reached skill level 1 in Spellcasting
  5930 | D:6      | Reached skill level 1 in Conjurations
  5930 | D:6      | Reached skill level 1 in Hexes
  5959 | D:6      | Reached XP level 8. HP: 39/61 MP: 9/9
  7435 | D:2      | Killed Terence
  7696 | D:7      | Reached skill level 9 in Unarmed Combat
  8328 | D:7      | Reached *** piety under Hepliaklqana
  8336 | D:7      | Found Lengaece's Distillery.
  8413 | D:7      | Bought a potion of haste for 140 gold pieces
  8418 | D:7      | Found a glowing golden altar of the Shining One.
  8689 | D:7      | Reached XP level 9. HP: 67/67 MP: 13/13
  8695 | D:7      | Learned a level 5 spell: Silence
  8818 | D:8      | Reached skill level 1 in Invocations
  8905 | D:8      | Reached skill level 1 in Air Magic
  9370 | D:8      | Identified a scroll of acquirement
  9370 | D:8      | Acquired 854 gold pieces
  9492 | D:8      | Noticed a two-headed ogre
  9499 | D:8      | Killed a two-headed ogre
  9500 | D:8      | Reached skill level 10 in Unarmed Combat
 10472 | D:8      | Noticed Psyche
 10475 | D:8      | Killed Psyche
 10476 | D:8      | Reached XP level 10. HP: 77/77 MP: 15/15
 11103 | D:9      | Noticed Erica
 11167 | D:9      | Noticed Harold
 11198 | D:9      | Killed Harold
 11226 | D:9      | Reached **** piety under Hepliaklqana
 11379 | D:9      | Found a flagged portal.
 11394 | Bailey   | Entered a bailey
 11871 | Bailey   | Reached skill level 11 in Unarmed Combat
 11875 | D:9      | HP: 3/77 [poisoned by a kobold]
 12971 | D:9      | Killed Erica
 13022 | D:9      | Found a stormy altar of Qazlal.
 13355 | D:10     | Entered Level 10 of the Dungeon
 13385 | D:10     | Found an iron altar of Okawaru.
 13454 | D:10     | Noticed a two-headed ogre
 13463 | D:10     | Killed a two-headed ogre
 13827 | D:10     | Noticed Fannar
 13837 | D:10     | Killed Fannar
 13838 | D:10     | Reached skill level 5 in Invocations
 13838 | D:10     | Reached XP level 11. HP: 71/84 MP: 18/18
 13856 | D:10     | Found a staircase to the Orcish Mines.
 14232 | D:10     | Reached skill level 12 in Unarmed Combat
 14667 | D:10     | Noticed a boulder beetle
 14680 | D:10     | Killed a boulder beetle
 14963 | D:10     | Found a runed translucent gate.
 14965 | D:10     | Found a runed translucent gate.
 14965 | D:10     | Found a runed translucent gate.
 14969 | D:10     | Noticed Minsecho's ghost (journeyman OpBr)
 15467 | D:11     | Noticed a two-headed ogre
 15475 | D:11     | Killed a two-headed ogre
 15615 | D:11     | Reached ***** piety under Hepliaklqana
 16347 | D:11     | Reached skill level 5 in Spellcasting
 16347 | D:11     | Reached skill level 5 in Hexes
 16744 | D:11     | Found a staircase to the Lair.
 16848 | D:11     | Noticed a two-headed ogre
 16857 | D:11     | Killed a two-headed ogre
 16964 | D:11     | Learned a level 3 spell: Summon Guardian Golem
 17198 | D:5      | Killed experimilk's ghost
 17199 | D:5      | Reached skill level 13 in Unarmed Combat
 17493 | Lair:1   | Entered Level 1 of the Lair of Beasts
 17499 | Lair:1   | Reached skill level 5 in Air Magic
 17977 | Lair:1   | Reached skill level 1 in Summonings
 18192 | Lair:1   | Reached XP level 12. HP: 90/94 MP: 18/20
 19026 | Lair:2   | Found a staircase to the Swamp.
 19848 | Lair:2   | Noticed a seven-headed hydra
 19857 | Lair:2   | Killed a seven-headed hydra
 20918 | Lair:3   | Identified the +10 spear of the Hills {vorpal, Str+6}
 20966 | Lair:3   | Reached skill level 10 in Fighting
 21067 | Lair:3   | Found a runed translucent door.
 21067 | Lair:3   | Found a shimmering altar of Xom.
 21067 | Lair:3   | Noticed bnorton916's ghost (journeyman BaIE)
 21316 | Lair:3   | Reached skill level 14 in Unarmed Combat
 21579 | Lair:3   | Noticed a five-headed hydra
 21586 | Lair:3   | Killed a five-headed hydra
 21926 | Lair:4   | Found the +18 shield of the Gong {rElec rN+ Will+ EV-5}
 21928 | Lair:4   | Noticed a catoblepas
 21938 | Lair:4   | Killed a catoblepas
 22884 | Lair:4   | Reached XP level 13. HP: 102/102 MP: 20/22
 23157 | Lair:4   | Identified the +3 flail of Gyhoyrig {venom, rElec rF-
                  | Int+5}
 23224 | Lair:1   | Identified the +0 buckler of the World {rElec rPois rCorr
                  | Str+7}
 23329 | Lair:4   | Found a hole to the Spider Nest.
 24022 | Lair:5   | Reached skill level 1 in Shields
 24083 | Lair:5   | Noticed Nessos
 24768 | Lair:5   | Killed Nessos
 25374 | Lair:5   | Reached skill level 5 in Summonings
 25734 | Lair:5   | Reached ****** piety under Hepliaklqana
 25752 | Lair:5   | Found a staircase to the Slime Pits.
 25758 | Lair:5   | Identified the +3 hand axe of Valuable Assets {freeze,
                  | Will+ rCorr Str+2}
 26095 | Lair:6   | Entered Level 6 of the Lair of Beasts
 26492 | Lair:6   | Reached skill level 15 in Unarmed Combat
 26646 | Lair:6   | Identified the +7 mace of Mocufips {vorpal, *Rage rF++
                  | SInv}
 27150 | Lair:6   | Noticed Rupert
 27155 | Lair:6   | Paralysed by Rupert for 3 turns
 28209 | D:11     | Annihilated by a very large slime creature

Illustrated notes

Levels and vault maps discovered:
D:1:      mrwooster_arrival_statue_3, layout_basic, serial_shops,
          nicolae_shop_bloodbath_and_beyond,
          hellmonk_ecumenical_altar_crossroads
D:2:      layout_loops_ring, chequers_serial_rivers_large_b,
          minmay_misc_feat_alley, uniq_terence
D:3:      layout_loops_ring
D:4:      layout_loops_cross, minmay_hedge_maze
D:5:      layout_gridville, overflow_temple_1_default,
          mainiacjoe_overflow_tiny_flanked, nicolae_overflow_squiral,
          minmay_temple_entry_waves, biasface_ghost_orc_armoury, uniq_ijyb
D:6:      layout_loops_ring, uniq_eustachio
D:7:      layout_basic, amcnicky_altar_gilded, serial_shops,
          nicolae_shop_temple_entry_statues_fountains
D:8:      layout_gridville, uniq_psyche
D:9:      layout_roguey, old_standard_altar, serial_rivers,
          chequers_serial_rivers_marsh, chequers_serial_rivers_room_a,
          chequers_serial_rivers_room_b, chequers_serial_rivers_micro_e,
          chequers_serial_rivers_room_b, chequers_serial_rivers_small_3,
          enter_bailey_6, uniq_erica, uniq_harold
D:10:     layout_loops_ring, okawaru_metal_pillars_1_2, david_orc_2,
          gammafunk_ghost_spectres, uniq_fannar
D:11:     layout_rooms, lair_entry_dummy, dk_noncrumbling_4
D:12:     minmay_the_grid_triangle_9x9_recursive_3
          [minmay_the_grid_triangle_9x9_impossible_snake,
          minmay_the_grid_triangle_9x9_swiss_cheese,
          minmay_the_grid_triangle_9x9_sparse_checkered,
          minmay_the_grid_triangle_9x9_prize_schism,
          minmay_the_grid_triangle_9x9_negative_grid,
          minmay_the_grid_triangle_9x9_odd_lines,
          minmay_the_grid_triangle_9x9_shrine,
          minmay_the_grid_triangle_9x9_alien,
          minmay_the_grid_triangle_9x9_skeleton], layout_basic, serial_shops,
          shop
Temple:   regret_index_temple_generic_petals
Lair:1:   layout_regular_city, grunt_forest_large_clearing_hut,
          grunt_megastairs_1
Lair:2:   layout_layer_cave, swamp_mist, minivault_23, st_stairs_8
Lair:3:   layout_long_grid, ebering_ghost_xom, cheibrodos_lair_lostbears
Lair:4:   layout_roguey, spider_nest_entry_funnel_web
Lair:5:   layout_cave_pods, minmay_slime_entry_pillars, uniq_nessos
Lair:6:   evilmike_catoblepas_cave, layout_loops_ring, serial_forest,
          infiniplex_forest_straight_2, infiniplex_forest_clump_cross,
          infiniplex_forest_lined_room_2, infiniplex_forest_lined_2,
          infiniplex_forest_fountain, lemuel_fruit_fields,
          infiniplex_staircase_pool_2, uniq_rupert

Skill      XL: |  1  2  3  4  5  6  7  8  9 10 11 12 13 |
---------------+----------------------------------------+-----
Unarmed Combat | 5 7 8 9 10 11 13 14 15 | 15.3
Fighting       | 4 5 6 7 8 9 10 11 | 11.6
Spellcasting   | 1 2 3 4 5 6 |  6.3
Conjurations   | 1 3 |  3.0
Hexes          | 1 2 3 4 5 6 |  6.0
Invocations    | 3 5 6 |  6.0
Air Magic      | 2 4 5 6 7 |  7.2
Stealth        | 2 4 |  4.0
Summonings     | 1 3 5 |  5.0
Dodging        | 3 4 |  4.0
Shields        | 4 |  4.1

Action                   |  1- 3 |  4- 6 |  7- 9 | 10-12 | 13-15 || total
-------------------------+-------+-------+-------+-------+-------++-------
Melee: Unarmed           |   130 |   131 |   196 |   512 |   141 ||  1110
       Tailslap          |    13 |    27 |    36 |    92 |    25 ||   193
       Punch             |     2 |     6 |    15 |    45 |    16 ||    84
       Dagger            |       |    13 |       |    11 |       ||    24
       Spear             |       |       |       |     4 |       ||     4
       Mace              |       |       |       |       |     1 ||     1
 Cast: Dazzling Flash    |       |       |       |     2 |       ||     2
       Summon Guardian G |       |       |       |     5 |    39 ||    44
       Silence           |       |       |       |       |     1 ||     1
Invok: Ancestor Life: Ba |       |     1 |       |       |       ||     1
       Ancestor Identity |       |     1 |       |       |       ||     1
       Recall Ancestor   |       |       |       |     3 |     6 ||     9
 Abil: Breathe Fire      |       |       |     9 |    26 |     7 ||    42
Evoke: Wand              |       |       |       |       |     1 ||     1
  Use: Scroll            |     1 |     8 |     7 |     5 |     8 ||    29
       Potion            |     1 |       |       |     3 |     1 ||     5
 Stab: Sleeping          |     5 |     4 |     3 |     6 |       ||    18
       Distracted        |       |     1 |     3 |    10 |     4 ||    18
Armor: Skin              |    46 |    37 |    57 |   170 |    29 ||   339
Dodge: Dodged            |    72 |    77 |    91 |   399 |   151 ||   790
Block: Buckler           |       |       |       |       |    10 ||    10
